Map: 2000 Atmospheres LE

Players

Serral - Winner!

  • Race: Zerg Zerg

uThermal

  • Race: Terran Terran

Event: DreamHack SC2 Masters 2021 Winter

VOD

Have the link to the VOD?

Description

Time

  • Played on: Oct. 7, 2021, 10:24 a.m.
  • Length: 8:58

All games in this series

Show
View Real Time Build Order
Export as new Build Order

Serral Zerg - Winner!

Build Orders: Hatch First 

Get SALT Encoding   

  12  0:00  Drone  
  13  0:11  Overlord  
  13  0:16  Drone  
  14  0:30  Drone x2  
  16  0:47  Hatchery  
  15  0:52  Drone  
  16  1:07  Spawning Pool  
  15  1:12  Drone  
  15  1:17  Drone  
  17  1:20  Drone  
  17  1:24  Drone  
  19  1:34  Drone  
  20  1:56  Queen  
  20  1:58  Queen  
  20  1:59  Zergling x4  
  26  2:02  Extractor  
  26  2:04  Zergling x2  
  26  2:09  Overlord  
  26  2:12  Drone  
  27  2:19  Drone  
  28  2:28  Drone  
  28  2:29  Drone  
  29  2:31  Drone  
  30  2:38  Drone  
  30  2:39  Queen  
  30  2:41  Drone  
  34  2:55  Hatchery  
  34  2:58  Drone  
  34  3:02  Metabolic Boost  
  34  3:07  Overlord  
  34  3:11  Drone x2  
  36  3:14  Overlord  
  36  3:26  Drone x2  
  36  3:27  Drone x3  
  41  3:28  Drone  
  42  3:35  Drone  
  42  3:40  Queen x2  
  47  3:46  Overlord  
  47  3:53  Zergling x8  
  47  3:54  Zergling x2  
  51  4:04  Overlord  
  51  4:07  Drone x3  
  51  4:08  Drone  
  55  4:10  Drone x2  
  55  4:11  Drone  
  55  4:15  Drone  
  58  4:17  Queen  
  58  4:20  Queen  
  62  4:25  Drone x2  
  62  4:28  Drone x3  
  67  4:32  Overlord  
  67  4:33  Drone x2  
  67  4:37  Overlord  
  69  4:41  Zergling x2  
  69  4:43  Zergling x2  
  71  4:47  Zergling x2  
  71  4:49  Lair  
  71  4:51  Extractor  
  71  4:52  Extractor  
  70  4:53  Drone x3, Baneling Nest  
  70  4:54  Drone  
  70  4:58  Queen  
  70  4:59  Drone  
  76  5:00  Drone  
  76  5:02  Drone x2  
  76  5:04  Zergling x2  
  80  5:07  Overlord  
  80  5:08  Drone x2  
  80  5:11  Drone x2  
  84  5:20  Drone, Extractor  
  83  5:23  Spore Crawler  
  83  5:25  Drone, Zergling x4, Spore Crawler  
  83  5:26  Drone x3  
  83  5:27  Drone x2  
  88  5:32  Overlord, Extractor  
  88  5:33  Extractor  
  88  5:34  Drone x2  
  88  5:35  Drone  
  89  5:38  Overlord  
  89  5:44  Hatchery  
  89  5:47  Drone  
  89  5:53  Spire  
  89  5:54  Drone  
  89  5:56  Drone x4  
  92  5:57  Drone  
  92  6:02  Centrifugal Hooks  
  93  6:04  Zergling x2  
  93  6:05  Zergling x2  
  93  6:06  Overlord  
  95  6:12  Evolution Chamber x2  
  95  6:13  Zergling x6  
  95  6:14  Zergling x6  
  95  6:16  Overlord  
  95  6:17  Zergling x2  
  100  6:19  Zergling x2  
  100  6:21  Overlord  
  101  6:33  Overlord  
  101  6:35  Overlord  
  103  6:40  Drone x6  
  103  6:45  Overlord  
  107  6:51  Overlord  
  102  7:12  Mutalisk  
  102  7:13  Mutalisk x11  
  123  7:18  Mutalisk  
  123  7:21  Zergling x2  
  123  7:22  Zergling x14  
  132  7:28  Drone x2  
  128  7:40  Drone x5  
  133  7:46  Overseer  
  133  7:49  Drone x2  
  135  7:51  Pneumatized Carapace  
  135  7:52  Overlord  
  135  7:54  Drone x2, Extractor x2  
  135  7:55  Zergling x16, Spore Crawler  
  142  8:00  Baneling x5  
  142  8:02  Hatchery  
  142  8:03  Baneling x2  
  141  8:06  Baneling x2  
  141  8:09  Zergling x10  
  141  8:11  Baneling x4  
  143  8:23  Zergling x32  
  154  8:29  Hatchery  
  150  8:35  Zergling x8  
Show
View Real Time Build Order
Export as new Build Order

uThermal Terran 

Build Orders: Reaper Expand 

Get SALT Encoding   

  12  0:00  SCV  
  13  0:12  SCV  
  14  0:18  Supply Depot  
  14  0:24  SCV  
  15  0:40  Barracks  
  15  0:50  Barracks  
  15  0:54  SCV  
  16  1:06  SCV  
  16  1:08  Refinery  
  16  1:18  SCV  
  16  1:30  SCV  
  17  1:43  SCV  
  17  1:51  Reaper  
  18  1:56  Orbital Command  
  17  2:04  Command Center  
  17  2:14  Supply Depot  
  17  2:22  SCV  
  18  2:33  Factory  
  18  2:34  SCV  
  19  2:46  SCV  
  20  2:58  SCV  
  21  3:10  SCV  
  22  3:15  Orbital Command  
  22  3:21  Factory Reactor  
  22  3:22  Starport, SCV  
  22  3:26  Marine  
  24  3:34  SCV  
  24  3:36  Command Center  
  24  3:40  SCV  
  26  3:48  SCV  
  27  3:58  Hellion x2  
  31  4:03  Medivac  
  31  4:06  SCV  
  33  4:16  SCV  
  34  4:18  SCV  
  34  4:20  Hellion x2  
  34  4:24  Refinery  
  39  4:28  SCV  
  39  4:30  SCV  
  41  4:34  Barracks Tech Lab  
  41  4:40  SCV  
  41  4:41  Hellion x2  
  46  4:48  SCV  
  46  4:50  Orbital Command  
  46  4:52  Medivac  
  49  4:53  SCV  
  50  5:00  SCV  
  50  5:02  Barracks  
  50  5:03  Hellion x2  
  50  5:05  SCV  
  50  5:06  Marine  
  57  5:08  Supply Depot  
  57  5:10  Barracks  
  57  5:13  SCV  
  57  5:17  Stimpack  
  57  5:19  Supply Depot, SCV x2  
  59  5:28  Starport Reactor  
  59  5:29  SCV  
  59  5:31  SCV  
  59  5:33  Factory Reactor  
  61  5:39  Engineering Bay  
  61  5:40  Engineering Bay  
  61  5:41  Marine  
  63  5:43  SCV  
  63  5:44  SCV  
  63  5:46  Supply Depot  
  63  5:47  Orbital Command  
  64  5:55  SCV  
  64  5:56  SCV  
  66  5:57  Barracks Reactor  
  66  5:58  Barracks Reactor, Marine  
  66  6:00  Barracks  
  66  6:01  Barracks  
  67  6:06  Refinery  
  67  6:07  SCV, Refinery  
  67  6:08  SCV  
  69  6:12  Supply Depot  
  69  6:14  SCV  
  69  6:15  Widow Mine  
  69  6:16  Widow Mine  
  74  6:19  SCV  
  74  6:21  Supply Depot, SCV, Marine  
  77  6:30  Terran Infantry Weapons Level 1, Terran Infantry Armor Level 1  
  77  6:33  Marine  
  77  6:34  Supply Depot, SCV x3  
  77  6:36  Widow Mine  
  77  6:39  Marine  
  84  6:41  Marine  
  84  6:45  Supply Depot, Marine  
  84  6:46  SCV x2, Medivac  
  90  6:48  SCV  
  90  6:49  Barracks Reactor  
  90  6:50  Marine  
  90  6:51  Marine  
  93  6:55  Marine  
  93  6:56  Marine  
  93  6:58  SCV  
  96  7:01  Supply Depot, SCV  
  96  7:02  Marine  
  96  7:03  Marine  
  96  7:07  Marine  
  99  7:10  SCV  
  99  7:12  Marine x2  
  96  7:15  Medivac  
  96  7:16  Marine  
  96  7:19  SCV, Combat Shield  
  96  7:20  Marine x2  
  96  7:21  Marine  
  99  7:23  Widow Mine  
  99  7:26  Widow Mine  
  103  7:30  Marine x2  
  103  7:31  SCV  
  103  7:32  Marine  
  103  7:33  Marine  
  103  7:35  Medivac  
  103  7:36  Marine  
  107  7:38  Marine  
  103  7:44  Widow Mine  
  103  7:45  SCV, Armory  
  103  7:47  Factory, SCV, Marine x2  
  103  7:50  Widow Mine  
  103  7:51  Marine  
  112  7:53  Marine  
  112  7:54  Supply Depot  
  112  7:56  SCV, Marine  
  112  7:57  Bunker, Marine  
  112  7:58  Marine  
  115  8:01  SCV  
  115  8:04  Marine  
  115  8:06  Missile Turret x2  
  115  8:08  Marine  
  109  8:13  Medivac  
  109  8:14  Marine x2  
  109  8:17  SCV  
  109  8:18  Orbital Command  
  108  8:21  Medivac  
  108  8:24  Widow Mine  
  108  8:31  Marine  

Tags
 
Add a new tag
Caveats
  • Supply blocks, unpowered buildings, or Contaminate may cause inaccurate times.
  • Supply counts are checked every 10 seconds.